 Dungeon Crawl Stone Soup version 0.24-a0-201-gf2055891f0 (webtiles) character file.

Game seed: 17678143469607212865

535 MrRokkomies the Skirmisher (level 7, -3/78 HPs)
             Began as an Ogre Hunter on Mar 20, 2019.
             Was a Follower of Okawaru.
             Slain by Pikel
             ... wielding a +1 whip of electrocution
              (8 damage)
             ... on level 4 of the Dungeon.
             The game lasted 00:11:45 (3405 turns).

MrRokkomies the Skirmisher (Ogre Hunter)            Turns: 3405, Time: 00:11:46

Health: -3/78      AC:  5    Str: 20 (22) XL:     7   Next: 25%
Magic:  7/7        EV: 10    Int:  9 (12) God:    Okawaru [*.....]
Gold:   231        SH:  0    Dex: 10 (11) Spells: 6/6 levels left

rFire    + + .     SeeInvis .   a - +1 mace
rCold    + + .     Gourm    .   (no shield)
rNeg     . . .     Faith    .   i - +2 robe {rC+ rF+}
rPois    +         Spirit   .   (helmet restricted)
rElec    +         Reflect  .   (no cloak)
rCorr    +         Harm     .   (gloves unavailable)
MR       .....                  (boots unavailable)
Stlth    +.........             (no amulet)
HPRegen  0.23/turn              (no ring)
MPRegen  0.10/turn              (no ring)

@: mighty, resistant
A: large, unfitting armour, tough skin 1
a: Heroism, Renounce Religion


You were on level 4 of the Dungeon.
You worshipped Okawaru.
Okawaru was aware of your devotion.
You were not hungry.

You visited 1 branch of the dungeon, and saw 4 of its levels.

You collected 231 gold pieces.

Inventory:

Hand Weapons
 a - a +1 mace (weapon)
Missiles
 g - 58 stones (quivered)
 p - 10 poisoned needles
Armour
 i - a +2 robe of resistance (worn)
Scrolls
 o - a scroll of enchant armour
 r - a scroll of fear
 u - a scroll of enchant weapon
Potions
 b - a potion of heal wounds {unknown}
 e - a potion of resistance
 h - 2 potions of flight {unknown}
 k - 2 potions of curing
 l - a potion of might
 m - a potion of brilliance {unknown}
 n - a potion of mutation {unknown}
 q - a potion of lignification {unknown}
 s - a potion of invisibility {unknown}
 t - a potion of degeneration
 v - a potion of ambrosia {unknown}
Comestibles
 f - 3 rations


   Skills:
 * Level 7.4 Fighting
 * Level 6.6 Throwing
 - Level 1.7 Dodging
 - Level 0.6 Stealth


You had 6 spell levels left.
You didn't know any spells.
Your spell library was empty.

Dungeon Overview and Level Annotations

Branches:
Dungeon (4/15)
 Temple: D:4-7

Altars:
Kikubaaqudgha
Okawaru

Shops:
D:4 %

Annotations:
D:4 Pikel


Innate Abilities, Weirdness & Mutations

You are too large for most types of armour.
You have tough skin. (AC +1)


Message History

Pikel hits you with a +1 whip of electrocution.
It was a potion of might.
You feel very mighty all of a sudden.
Pikel hits you with a +1 whip of electrocution.
* * * LOW HITPOINT WARNING * * *
You sock Pikel!
Pikel is severely wounded.
Pikel hits you with a +1 whip of electrocution.
* * * LOW HITPOINT WARNING * * *
Pikel hits you with a +1 whip of electrocution!
* * * LOW HITPOINT WARNING * * *
You closely miss Pikel.
Pikel is severely wounded.
Pikel hits you with a +1 whip of electrocution.
* * * LOW HITPOINT WARNING * * *
It was a potion of degeneration.
There was something very wrong with that liquid.
You feel weakened.
You feel dopey.
You feel clumsy.
Pikel hits you with a +1 whip of electrocution!
You die...

####.#.#####p.(..#.#
รท...###....>...###[#
####.#.######......... ## ##.##
#.(....... .####.# #..###.... ..#
......#######..# ### #.# #
.###...........# #.# # ##
##.########p####### #.# # # # #.#
#(...pK@....# #.#)# #
#.####.###.#####.###.#.# #
#..<...............>...# #
##########.###...........########
...## #.# #.................##
....## #.###.#####.#######..<.)
.....# #.##...####.# #.#.##
......# #....#......# #.#.#
......# ####...###### #.#.#


You could see Pikel and 2 slaves.

Vanquished Creatures
  Sigmund (D:3)
  Eustachio (D:4)
  A slave (D:3)
  A bullfrog (D:4)
  3 orc priests
  An adder (D:4)
  An ooze (D:4)
  2 worms (D:4)
  A dart slug (D:2)
  2 leopard geckos
  7 orcs
  5 giant cockroaches
  4 goblins
  4 hobgoblins
  5 jackals
  A quokka (D:4)
  2 ball pythons (D:2)
  7 bats
  5 frilled lizards
  A jackal skeleton (D:4)
  5 kobolds
  5 rats
65 creatures vanquished.

Notes
Turn   | Place    | Note
-------+----------+-------------------------------------------
     0 | D:1      | MrRokkomies the Ogre Hunter began the quest for the Orb.
     0 | D:1      | Reached XP level 1. HP: 22/22 MP: 1/1
   284 | D:1      | Reached skill level 3 in Fighting
   335 | D:1      | Reached XP level 2. HP: 30/31 MP: 2/2
   658 | D:2      | Reached XP level 3. HP: 39/39 MP: 3/3
   942 | D:2      | Reached skill level 4 in Fighting
  1069 | D:3      | Found an ancient bone altar of Kikubaaqudgha.
  1451 | D:3      | Noticed Sigmund
  1453 | D:3      | Killed Sigmund
  1453 | D:3      | Reached skill level 5 in Fighting
  1453 | D:3      | Reached skill level 5 in Throwing
  1453 | D:3      | Reached XP level 4. HP: 52/52 MP: 4/4
  1453 | D:3      | Reached XP level 5. HP: 59/59 MP: 5/5
  1508 | D:3      | Found an iron altar of Okawaru.
  1512 | D:3      | Became a worshipper of Warmaster Okawaru
  2157 | D:4      | Found Ilyeteam's Food Boutique.
  2215 | D:4      | Noticed Eustachio
  2230 | D:4      | Killed Eustachio
  2230 | D:4      | Reached skill level 6 in Fighting
  2230 | D:4      | Reached XP level 6. HP: 55/68 MP: 6/6
  2333 | D:4      | Reached * piety under Okawaru
  2361 | D:4      | Reached skill level 7 in Fighting
  2361 | D:4      | Reached XP level 7. HP: 8/78 MP: 7/7
  2362 | D:4      | HP: 3/78 [worm (6)]
  2831 | D:4      | Noticed Pikel
  3405 | D:4      | Slain by Pikel

Levels and vault maps discovered:
D:1:      dpeg_arrival_pits, layout_basic, minmay_tromino_v7
D:2:      layout_basic
D:3:      layout_basic, marbit_many_paths, nicolae_overflow_crystal_walls,
          first_ration, uniq_sigmund
D:4:      layout_loops_ring, serial_shops, shop, uniq_pikel, uniq_eustachio

Skill      XL: |  1  2  3  4  5  6 |
---------------+-------------------+-----
Fighting       | 3 5 6 7 |  7.4
Throwing       | 5 6 |  6.6
Dodging        | |  1.7
Stealth        | |  0.6

Action                   |  1- 3 |  4- 6 |  7- 9 || total
-------------------------+-------+-------+-------++-------
Melee: Short sword       |    72 |       |       ||    72
       Mace              |    60 |    93 |    51 ||   204
Throw: Stone             |    26 |    11 |       ||    37
       Large rock        |     2 |     7 |     9 ||    18
       Tomahawk          |       |     2 |     7 ||     9
       Throwing net      |       |     1 |     1 ||     2
  Use: Scroll            |     7 |       |       ||     7
       Potion            |       |     1 |     4 ||     5
 Stab: Sleeping          |     1 |       |       ||     1
       Held in net/web   |       |       |     1 ||     1
  Eat: Chunk             |     1 |     4 |       ||     5
       Ration            |       |       |     1 ||     1
Armor: Robe              |    48 |    49 |    12 ||   109
Dodge: Dodged            |    88 |    87 |    36 ||   211

Table legend:
 A = Non-vault XP
 B = Vault XP
 C = Vault XP percentage of total XP
 D = Non-vault monster count
 E = Vault monster count
 F = Vault count percentage of total count
                 A         B        C        D         E       F
            +---------+---------+-------+---------+---------+-------
      Total |     335 |     430 |  56.2 |      58 |       6 |   9.4
            +---------+---------+-------+---------+---------+-------
        D:1 |      26 |       6 |  18.8 |      18 |       3 |  14.3
        D:2 |      28 |       0 |   0.0 |      16 |       0 |   0.0
        D:3 |      61 |     221 |  78.4 |      11 |       2 |  15.4
        D:4 |     220 |     203 |  48.0 |      13 |       1 |   7.1
            +---------+---------+-------+---------+---------+-------
